 Dungeon Crawl Stone Soup version 0.29.1-1-gd02db6906a (webtiles) character file.

Game seed: 4168564847593260039

965 Godmorgon the Destroyer (level 8, 0/41 HPs)
             Began as a Tengu Conjurer on Oct 13, 2022.
             Was a Follower of Vehumet.
             Slain by Pikel
             ... wielding a +2 whip of flaming
              (7 damage)
             ... on level 5 of the Dungeon.
             The game lasted 00:26:27 (4826 turns).

Godmorgon the Destroyer (Tengu Conjurer)            Turns: 4826, Time: 00:26:27

Health: 0/41       AC:  2    Str:  8    XL:     8   Next: 15%
Magic:  10/25      EV: 14    Int: 20    God:    Vehumet [*.....]
Gold:   202        SH:  0    Dex: 13    Spells: 13/17 levels left

rFire   . . .      SeeInvis .   b - staff of conjuration
rCold   . . .      Faith    .   (no shield)
rNeg    . . .      Spirit   .   i - +0 robe
rPois   .          Reflect  .   (helmet restricted)
rElec   .          Harm     .   (no cloak)
rCorr   .          Rampage  .   (no gloves)
Will    .....                   (boots unavailable)
Stlth   ++........              (no amulet)
HPRegen 0.13/turn               c - ring of magical power
MPRegen 0.19/turn               v - ring of wizardry

@: flying quickly and evasively, quick
A: beak, talons 3, nimble flight
a: Renounce Religion


You were on level 5 of the Dungeon.
You worshipped Vehumet.
Vehumet was aware of your devotion.
You visited 1 branch of the dungeon, and saw 5 of its levels.
You also visited: Sewer.

You collected 202 gold pieces.

Inventory:

Hand Weapons
 a - a +0 whip of electrocution
 E - a +2 dagger of venom
Missiles
 o - 4 curare-tipped darts (quivered)
 x - 13 poisoned darts
Armour
 i - a +0 robe (worn)
Magical Staves
 b - a staff of conjuration (weapon)
 C - a staff of fire
Jewellery
 c - a ring of magical power (left hand)
 v - a ring of wizardry (right hand)
Wands
 p - a wand of digging (6)
 q - a wand of mindburst (16)
Scrolls
 d - a scroll of vulnerability {unknown}
 f - 2 scrolls of immolation {unknown}
 h - a scroll of noise {unknown}
 k - 4 scrolls of identify {unknown}
 n - a scroll of enchant weapon {unknown}
 w - a scroll of magic mapping {unknown}
 y - a scroll of teleportation {unknown}
 z - a scroll of fear {unknown}
Potions
 e - a potion of flight {unknown}
 g - a potion of attraction {unknown}
 j - a potion of magic
 l - a potion of heal wounds {unknown}
 m - 4 potions of curing {unknown}
 r - 3 potions of invisibility {unknown}
 s - a potion of resistance {unknown}
 t - a potion of degeneration {unknown}
 u - a potion of lignification {unknown}
 B - a potion of ambrosia {unknown}
 D - a potion of mutation {unknown}


   Skills:
 - Level 2.1 Dodging
 - Level 2.0 Stealth
 + Level 5.1 Spellcasting
 * Level 11.1 Conjurations


You had 13 spell levels left.
You knew the following spells:

 Your Spells              Type           Power      Damage    Failure   Level
d - Magic Dart            Conj           100%       1d8       1%          1
f - Foxfire               Conj/Fire      100%       2x1d9     1%          1
s - Searing Ray           Conj           100%       2d8       1%          2

Your spell library contained the following spells:

 Spells                   Type           Power      Damage    Failure   Level
 Dazzling Flash           Conj/Hex       82%        N/A       1%          3
 Fulminant Prism          Conj/Hex       20%        3d13      4%          4
 Iskenderun's Mystic Bla  Conj/Tloc      41%        2d9       4%          4


Dungeon Overview and Level Annotations

Branches:
Dungeon (5/15)              Sewer (visited)
 Temple: D:4-7

Altars:
Ashenzari
Cheibriados
Vehumet
Wu Jian

Annotations:
D:5 Pikel


Innate Abilities, Weirdness & Mutations

You have a beak for a mouth.
You have claws for feet.
Your magical nature lets you fly swiftly and evasively.


Message History

You finish channelling your searing ray.
Pikel barely misses you.
Casting: Searing Ray (safe; 1% risk of failure)
Confirm with . or Enter, or press ? or * to list all spells.
Aiming: Searing Ray (safe; 1% risk of failure)
Press: ? - help, Shift-Dir - straight line, f - lemure, p - lemure
Aim: a lemure (heavily wounded, 79% to hit)
You feel a surge of power!
The searing ray hits Pikel.
Pikel is heavily wounded.
The searing ray hits the lemure!
You kill the lemure!
That felt strangely unrewarding.
The searing ray hits the lemure.
The lemure is severely wounded. (Press . to maintain the ray.) Pikel barely misses you.
The searing ray hits Pikel.
Pikel is severely wounded.
The searing ray misses the lemure.
The searing ray hits the lemure.
The lemure is severely wounded.
Pikel hits you with a +2 whip of flaming!
Pikel burns you.
The searing ray hits Pikel.
Pikel is almost dead.
The searing ray hits the lemure!
The lemure is severely wounded.
The searing ray hits the lemure!
You kill the lemure!
That felt strangely unrewarding.
Pikel hits you with a +2 whip of flaming!
* * * LOW HITPOINT WARNING * * *
Pikel burns you.
* * * LOW HITPOINT WARNING * * *
The searing ray hits Pikel.
Pikel is almost dead.
The searing ray hits the lemure!
You kill the lemure!
That felt strangely unrewarding.
You finish channelling your searing ray.
Pikel hits you with a +2 whip of flaming!
You die...

.# .# .# .# .## ..###
....##### .##.....#
########
.####...######..@K..#
..###.....#....####.#
...##...#.#.#### ..#
...##...#...# ..#
............# ..#
.)..........# .5K
##...........# ..55
#...........# ≈≈..
............##


You could see Pikel.

Vanquished Creatures
  Eustachio (D:5)
  2 ogres
  4 lemures (D:5)
  4 kobold brigands (Sewer)
  A necrophage (D:5)
  2 hounds
  An orc priest (D:5)
  An iguana (D:5)
  An orc wizard (D:5)
  5 adders
  3 river rats
  An ufetubus (D:5)
  4 worms
  3 orcs (D:5)
  5 bats
  8 endoplasms
  3 giant cockroaches
  6 goblins
  2 hobgoblins
  5 jackals
  3 quokkas
  17 ball pythons
  9 frilled lizards
  11 kobolds
  9 rats
111 creatures vanquished.

Vanquished Creatures (others)
  21 foxfires (D:5)
  A fungus (D:1)
  12 plants
34 creatures vanquished.

Grand Total: 145 creatures vanquished

Notes
Turn   | Place    | Note
-------+----------+-------------------------------------------
     0 | D:1      | Godmorgon the Tengu Conjurer began the quest for the Orb.
     0 | D:1      | Reached XP level 1. HP: 10/10 MP: 4/4
   429 | D:1      | Reached XP level 2. HP: 15/15 MP: 6/6
   470 | D:1      | Learned a level 2 spell: Searing Ray
   588 | D:1      | Reached skill level 6 in Conjurations
   888 | D:1      | Reached XP level 3. HP: 19/19 MP: 7/7
  1143 | D:1      | Found a faded altar of an unknown god.
  1911 | D:2      | Reached XP level 4. HP: 24/24 MP: 9/9
  2235 | D:3      | Found a broken altar of Ashenzari.
  2390 | D:3      | Found an ornate altar of the Wu Jian Council.
  2474 | D:3      | Found a snail-covered altar of Cheibriados.
  2663 | D:3      | Found a radiant altar of Vehumet.
  2673 | D:3      | Became a worshipper of Vehumet
  2969 | D:4      | Reached skill level 7 in Conjurations
  3024 | D:4      | Found a glowing drain.
  3053 | Sewer    | Entered a sewer
  3186 | Sewer    | Gained mutation: Your magical nature lets you fly swiftly
                  | and evasively. [Tengu growth]
  3186 | Sewer    | Reached XP level 5. HP: 28/28 MP: 10/10
  3273 | Sewer    | Noticed a kobold brigand
  3300 | Sewer    | Killed a kobold brigand
  3301 | Sewer    | Reached skill level 8 in Conjurations
  3496 | Sewer    | Noticed a kobold brigand
  3503 | Sewer    | Killed a kobold brigand
  3504 | Sewer    | Reached XP level 6. HP: 32/32 MP: 12/12
  3543 | Sewer    | Reached * piety under Vehumet
  3543 | Sewer    | Offered knowledge of Foxfire by Vehumet.
  3808 | Sewer    | Reached skill level 9 in Conjurations
  3808 | Sewer    | Reached XP level 7. HP: 36/36 MP: 14/14
  4241 | D:4      | Learned a level 1 spell: Foxfire
  4413 | D:5      | Entered Level 5 of the Dungeon
  4441 | D:5      | Reached skill level 10 in Conjurations
  4610 | D:5      | Noticed Eustachio
  4633 | D:5      | Killed Eustachio
  4634 | D:5      | Reached skill level 5 in Spellcasting
  4634 | D:5      | Reached skill level 11 in Conjurations
  4634 | D:5      | Reached XP level 8. HP: 38/41 MP: 8/16
  4809 | D:5      | Noticed Pikel
  4826 | D:5      | Slain by Pikel

Illustrated notes

Levels and vault maps discovered:
D:1:      onia_arrival_mini_spirals, layout_basic,
          shapermc_ecumenical_altar_acropolis, palyth_stone_intersect
D:2:      layout_basic
D:3:      layout_basic, mainiacjoe_overflow_cross_hatched,
          mainiacjoe_overflow_alcove_4, mainiacjoe_overflow_alcove_1,
          chei_slow_surprise
D:4:      layout_rooms, serial_bayou, serial_bayou_lagoon_a,
          serial_bayou_pond_a, serial_bayou_pond_a, serial_bayou_crossing,
          serial_bayou_pond_c, serial_bayou_shore_a, gup_sewer_entry_bubbles
D:5:      layout_rooms, nicolae_uskayaw_dance_hall, tgw_sif,
          nicolae_gozag_cash_rules_everything_around_me, minmay_lizard_king,
          uniq_eustachio, uniq_menkaure, uniq_pikel

Skill      XL: |  1  2  3  4  5  6  7 |
---------------+----------------------+-----
Conjurations   | 6 7 8 9 11 | 11.1
Spellcasting   | 3 4 5 |  5.1
Dodging        | |  2.1
Stealth        | |  2.0

Action                   |  1- 3 |  4- 6 |  7- 9 || total
-------------------------+-------+-------+-------++-------
Melee: Staff             |       |     5 |       ||     5
       Kick              |       |     1 |       ||     1
Throw: Dart              |       |     9 |     2 ||    11
 Cast: Magic Dart        |    12 |    19 |       ||    31
       Searing Ray       |    31 |    34 |    21 ||    86
       Foxfire           |       |       |    14 ||    14
Armor: Robe              |       |     2 |       ||     2
Dodge: Dodged            |     7 |     8 |     8 ||    23
